Workbook

Sheet CTO 2020
B2: VALOR DE RUBRO 2020 | C2: 140000000
B3: ADICION 3 | C3: 11455501
B4: SALDO DE RUBRO 2020 | C4: =C2-C3 -> 128544499
B6: SERVICIO | C6: VALOR UNITARIO | D6: CANT | E6: VALOR MENSUAL
B7: Coordinador | C7: 2261333 | D7: 1 | E7: 2261333
B8: Mensajeros | C8: 1936267 | D8: 4 | E8: 7745068
B9: Costo unitario del servicio urbano especializado 0-1000 gramos | C9: 3700 | D9: 243 | E9: 899100
B10: Servicio Nacional especializado 0-5000 gramos | C10: 10000 | D10: 40 | E10: 400000
B11: Servicio Internacional especializado América 0-1000 gramos | C11: 50000 | D11: 3 | E11: 150000

Sheet ANALISIS MERCADO
A1: ITEM | B1: DESCRIPCIÓN | C1: CANTIDAD MENSUAL | D1: Entrega Inmediata Segura S.A. | F1: REDEX S.A.S. | H1: ENVIA COLVANES S.A.S. | J1: INTERRAPIDISIMO | L1: PROMEDIO VALOR UNITARIO | M1: PROMEDIO VALOR MENSUAL | N1: PROMEDIO VALOR DIEZ (10) DIAS | O1: PROMEDIO PARA CINCO (05) MESES Y DIEZ (10) DIAS
D2: VALOR UNITARIO | E2: VALOR MENSUAL | F2: VALOR UNITARIO | G2: VALOR MENSUAL | H2: VALOR UNITARIO | I2: VALOR MENSUAL | J2: VALOR UNITARIO | K2: VALOR MENSUAL
A3: 1 | B3: Servicio de mensajería expresa urbana 0-1000 gramos (valor estándar para direcciones ubicadas en la ciudad de Bogotá, en cualquiera de sus 20 localidades). | C3: 1350 | D3: 2800 | E3: =D3*$C3 -> 3780000 | F3: 4500 | G3: =F3*$C3 -> 6075000 | H3: 5600 | I3: =H3*$C3 -> 7560000 | J3: 4800 | K3: =J3*$C3 -> 6480000 | L3: =AVERAGE(D3,F3,H3,J3) -> 4425 | M3: =L3*C3 -> 5973750 | N3: =M3/30*10 -> 1991250 | O3: =ROUND(M3*5+N3,0) -> 31860000
A4: 2 | B4: Servicio de mensajería expresa Nacional 0-5000 gramos (valor estándar para todas las ciudades del país) | C4: 150 | D4: 8500 | E4: =D4*$C4 -> 1275000 | F4: 10500 | G4: =F4*$C4 -> 1575000 | H4: 14500 | I4: =H4*$C4 -> 2175000 | J4: 9800 | K4: =J4*$C4 -> 1470000 | L4: =AVERAGE(D4,F4,H4,J4) -> 10825 | M4: =L4*C4 -> 1623750 | N4: =M4/30*10 -> 541250 | O4: =ROUND(M4*5+N4,0) -> 8660000
A5: 3 | B5: Servicio de mensajería expresa Internacional América 0-1000 gramos (valor estándar para todos los países de América) | C5: 1 | D5: 41125 | E5: =D5*$C5 -> 41125 | F5: 200000 | G5: =F5*$C5 -> 200000 | H5: 350000 | I5: =H5*$C5 -> 350000 | J5: 110000 | K5: =J5*$C5 -> 110000 | L5: =AVERAGE(D5,F5,H5,J5) -> 175281.25 | M5: =L5*C5 -> 175281.25 | N5: =M5/30*10 -> 58427.083 | O5: =ROUND(M5*5+N5,0) -> 934833
A6: 4 | B6: Servicio de mensajería expresa Internacional Resto del Mundo 0-1000 gramos (valor estándar para todos los países del resto del mundo) | C6: 1 | D6: 113625 | E6: =D6*$C6 -> 113625 | F6: 270000 | G6: =F6*$C6 -> 270000 | H6: 480000 | I6: =H6*$C6 -> 480000 | J6: 345000 | K6: =J6*$C6 -> 345000 | L6: =AVERAGE(D6,F6,H6,J6) -> 302156.25 | M6: =L6*C6 -> 302156.25 | N6: =M6/30*10 -> 100718.75 | O6: =ROUND(M6*5+N6,0) -> 1611500
A7: 5 | B7: Un (1) Coordinador bachiller debidamente uniformado, con mínimo un (1) año de experiencia específica en coordinación de procesos de mensajería, quien cumplirá sus funciones en las instalaciones de la entidad y se encargará de coordinar las acciones realizadas por los motorizados, desarrollando los trabajos de digitación, aislamiento, zonificación, enrutamiento de los envíos urgentes; realizar la entrega personalizada de la correspondencia interna; realizar una segunda tele-verificación a la documentación devuelta; elaborar y presentar los informes que señale el supervisor. | C7: 1 | D7: 2800000 | E7: =D7*$C7 -> 2800000 | F7: 3400000 | G7: =F7*$C7 -> 3400000 | H7: 4382054 | I7: =H7*$C7 -> 4382054 | J7: 3646166 | K7: =J7*$C7 -> 3646166 | L7: =Q15 -> 2333329.6 | M7: =L7*C7 -> 2333329.6 | N7: =M7/30*10 -> 777776.55 | O7: =ROUND(M7*5+N7,0) -> 12444425
A8: 6 | B8: Cuatro (4) Motorizados bachilleres debidamente uniformados, con un (1) año de experiencia en mensajería en motocicleta, quienes estarán de tiempo completo a disposición de la entidad. | C8: 4 | D8: 2500000 | E8: =D8*$C8 -> 10000000 | F8: 3000000 | G8: =F8*$C8 -> 12000000 | H8: 3632000 | I8: =H8*$C8 -> 14528000 | J8: 3079456 | K8: =J8*$C8 -> 12317824 | L8: =Q15 -> 2333329.6 | M8: =L8*C8 -> 9333318.5 | N8: =M8/30*10 -> 3111106.2 | O8: =ROUND(M8*5+N8,0) -> 49777699
D9: NOTA: El servicio de mensajería se encuentra excluido del Iva. El servicio de mensajería es un servicio que se encuentra excluido del Iva, según el artículo 476 del estatuto tributario | J9: TOTALES | M9: =SUM(M3:M8) -> 19741586 | N9: =SUM(N3:N8) -> 6580528.6 | O9: =SUM(O3:O8) -> 105288457
L10: PRESUPUESTO PARA CINCO (5) MESES Y DIEZ (10) DIAS | O10: =O9 -> 105288457
B11: Equipos para la debida prestación del servicio El contratista previo a la firma del acta de inicio deberá presentar al supervisor del contrato los equipos que se relacionan a continuación | C11: CANTIDAD | D11: VALORES PARAMETRIZADO EN SERVICIO DEL COORDINADOR EN COTIZACIÓN DE REDEX SAS Y ENVIA COLVANES SAS
B12: Un (1) equipo de computo (Intel Core i3 pantalla plana 4GB RAM DO 500 GB Window 7 office 2013). | C12: 1 | D12: NO TENIDO EN CUENTA* | F12: SERVICIO INCLUIDO EN FACTURA | H12: SERVICIO INCLUIDO EN FACTURA | J12: NO TENIDO EN CUENTA*
B13: Una (1) impresora multifuncional laser. | C13: 1 | D13: NO TENIDO EN CUENTA* | F13: SERVICIO INCLUIDO EN FACTURA | H13: SERVICIO INCLUIDO EN FACTURA | J13: NO TENIDO EN CUENTA*
B14: Un (1) escaner | C14: 1 | D14: NO TENIDO EN CUENTA* | F14: SERVICIO INCLUIDO EN FACTURA | H14: SERVICIO INCLUIDO EN FACTURA | J14: NO TENIDO EN CUENTA* | M14: 7 | N14: 18 | O14: =N14-M14 -> 11 | P14: =O15/O14 -> 13682.727 | Q14: =P14*5 -> 68413.636
B15: Cinco (5) celulares (Smartphone con camará integrada superior a 8 mega pixewles, plan ilimitado mensual). | C15: 5 | D15: NO TENIDO EN CUENTA* | F15: SERVICIO INCLUIDO EN FACTURA | H15: SERVICIO INCLUIDO EN FACTURA | J15: NO TENIDO EN CUENTA* | M15: 2264916 | N15: 2415426 | O15: =N15-M15 -> 150510 | Q15: =M15+Q14 -> 2333329.6

Sheet Hoja1
B2: ITEM | C2: DESCRIPCIÓN | D2: CANTIDAD MENSUAL | E2: PROMEDIO VALOR UNITARIO | F2: PROMEDIO VALOR MENSUAL | G2: PROMEDIO VALOR DIEZ (10) DIAS | H2: PROMEDIO PARA SEIS (05) MESES Y DIEZ (10) DIAS
B4: 1 | C4: Servicio de mensajería expresa urbana 0-1000 gramos (valor estándar para direcciones ubicadas en la ciudad de Bogotá, en cualquiera de sus 20 localidades). | D4: 1350 | E4: ='ANALISIS MERCADO'!L3 -> 4425 | F4: ='ANALISIS MERCADO'!M3 -> 5973750 | G4: ='ANALISIS MERCADO'!N3 -> 1991250 | H4: ='ANALISIS MERCADO'!O3 -> 31860000
B5: 2 | C5: Servicio de mensajería expresa Nacional 0-5000 gramos (valor estándar para todas las ciudades del país) | D5: 150 | E5: ='ANALISIS MERCADO'!L4 -> 10825 | F5: ='ANALISIS MERCADO'!M4 -> 1623750 | G5: ='ANALISIS MERCADO'!N4 -> 541250 | H5: ='ANALISIS MERCADO'!O4 -> 8660000
B6: 3 | C6: Servicio de mensajería expresa Internacional América 0-1000 gramos (valor estándar para todos los países de América) | D6: 1 | E6: ='ANALISIS MERCADO'!L5 -> 175281.25 | F6: ='ANALISIS MERCADO'!M5 -> 175281.25 | G6: ='ANALISIS MERCADO'!N5 -> 58427.083 | H6: ='ANALISIS MERCADO'!O5 -> 934833
B7: 4 | C7: Servicio de mensajería expresa Internacional Resto del Mundo 0-1000 gramos (valor estándar para todos los países del resto del mundo) | D7: 1 | E7: ='ANALISIS MERCADO'!L6 -> 302156.25 | F7: ='ANALISIS MERCADO'!M6 -> 302156.25 | G7: ='ANALISIS MERCADO'!N6 -> 100718.75 | H7: ='ANALISIS MERCADO'!O6 -> 1611500
B8: 5 | C8: Un (1) Coordinador bachiller debidamente uniformado, con mínimo un (1) año de experiencia específica en coordinación de procesos de mensajería, quien cumplirá sus funciones en las instalaciones de la entidad y se encargará de coordinar las acciones realizadas por los motorizados, desarrollando los trabajos de digitación, aislamiento, zonificación, enrutamiento de los envíos urgentes; realizar la entrega personalizada de la correspondencia interna; realizar una segunda tele-verificación a la documentación devuelta; elaborar y presentar los informes que señale el supervisor. | D8: 1 | E8: ='ANALISIS MERCADO'!L7 -> 2333329.6 | F8: ='ANALISIS MERCADO'!M7 -> 2333329.6 | G8: ='ANALISIS MERCADO'!N7 -> 777776.55 | H8: ='ANALISIS MERCADO'!O7 -> 12444425
B9: 6 | C9: Cuatro (4) Motorizados bachilleres debidamente uniformados, con un (1) año de experiencia en mensajería en motocicleta, quienes estarán de tiempo completo a disposición de la entidad. | D9: 4 | E9: ='ANALISIS MERCADO'!L8 -> 2333329.6 | F9: ='ANALISIS MERCADO'!M8 -> 9333318.5 | G9: ='ANALISIS MERCADO'!N8 -> 3111106.2 | H9: ='ANALISIS MERCADO'!O8 -> 49777699
B10: 7 | C10: Un (1) equipo de computo (Intel Core i3 pantalla plana 4GB RAM DO 500 GB Window 7 office 2013). | D10: 1 | E10: ='ANALISIS MERCADO'!#REF! -> #REF!
B11: 8 | C11: Una (1) impresora multifuncional laser. | D11: 1 | E11: ='ANALISIS MERCADO'!L11 -> 0
B12: 9 | C12: Un (1) escaner | D12: 1 | E12: ='ANALISIS MERCADO'!L12 -> 0
B13: 10 | C13: Cinco (5) celulares (Smartphone con camará integrada superior a 8 mega pixewles, plan ilimitado mensual). | D13: 5 | E13: ='ANALISIS MERCADO'!L13 -> 0
D14: PRESUPUESTO | F14: =SUM(F4:F9) -> 19741586 | G14: =SUM(G4:G9) -> 6580528.6 | H14: =SUM(H4:H9) -> 105288457
D15: PRESUPUESTO PARA CINCO (5) MESES Y DIEZ (10) DIAS | H15: =F14*5+G14 -> 1.0528846e+08
